 Dungeon Crawl Stone Soup version 0.19.5 (webtiles) character file.

102 equalderp2856 the Sneak (level 4, -14/19 HPs)
             Began as a Felid Ice Elementalist on Apr 1, 2017.
             Killed by divine providence
             ... invoked by an orc priest
              (16 damage)
             ... on level 3 of the Dungeon.
             The game lasted 00:07:01 (3290 turns).

equalderp2856 the Sneak (Felid Ice Elementalist)    Turns: 3290, Time: 00:07:02

Health: -14/19     AC:  1    Str:  4    XL:     4   Next: 49%
Magic:  7/8        EV: 20    Int: 17    God:
Gold:   154        SH:  0    Dex: 17    Spells: 1 memorised, 6 levels left
                                        Lives:  0   Deaths: 1

rFire  + . .     SeeInvis +       - Unarmed
rCold  x . .     Gourm    .     (armour unavailable)
rNeg   . . .     Faith    .     (shield unavailable)
rPois  .         Spirit   .     (helmet unavailable)
rElec  .         Reflect  .     (cloak unavailable)
rCorr  .         Harm     .     (gloves unavailable)
MR     .....     Rnd*Tele +     (boots unavailable)
Stlth  ++++......               (no amulet)
                                h - ring of fire
                                c - ring of teleportation (curse)

@: quick
A: no armour, no weapons or thrown items, stealth, claws 1, fangs 3, see
invisible, carnivore 3, speed 1, shaggy fur 1, slow metabolism 1, sharp paws
a: no special abilities


You were on level 3 of the Dungeon.
You were not hungry.

You visited 1 branch of the dungeon, and saw 3 of its levels.

You collected 154 gold pieces.

Inventory:

Jewellery
 c - a cursed ring of teleportation (left paw)
 h - a ring of fire (right paw)
Scrolls
 j - a scroll of identify
Potions
 d - a potion of lignification
 e - a potion of agility
 f - a potion of haste
 g - a potion of heal wounds {unknown}
 i - a potion of might {unknown}
 k - a potion of ambrosia {unknown}
 l - a potion of flight {unknown}
Books
 a - a book of Frost

   Spells                             Type                      Level
   a - Freeze                         Ice                          1
   b - Throw Frost                    Conjuration/Ice              2
   c - Ozocubu's Armour               Charms/Ice                   3
   d - Throw Icicle                   Conjuration/Ice              4
   e - Summon Ice Beast               Ice/Summoning                4
Comestibles
 b - 2 meat rations


   Skills:
 + Level 1.3 Fighting
 + Level 4.7 Dodging
 + Level 5.4 Stealth
 + Level 1.9 Unarmed Combat
 - Level 2.0 Spellcasting
   Level 0.8 Conjurations
 - Level 2.6 Ice Magic


You had 6 spell levels left.
You knew the following spells:

 Your Spells              Type           Power        Failure   Level  Hunger
a - Freeze                Ice            ##..         10%         1    #......


Dungeon Overview and Level Annotations

Branches:
Dungeon (3/15)

Altars:
Cheibriados
Dithmenos
Elyvilon
Ru
Zin
The Shining One


Innate Abilities, Weirdness & Mutations

You cannot wear armour.
You are incapable of wielding weapons or throwing items.
Your paws allow you to move quietly. (Stealth)
You have sharp claws.
You have razor-sharp teeth.
You have supernaturally acute eyesight. (SInv)
You are carnivorous and can eat meat at any time.
You cover ground quickly.
You are covered in fur. (AC +1)
You have a slow metabolism.
Your sharp claws are effective at attacking unaware monsters.


Message History

There are monsters nearby!
There are monsters nearby!
You pounce on the unaware helpless orc!
You mangle the orc!!
You kill the orc!
A giant cockroach comes into view.
You see here a hand axe.
The orc priest shouts!
The orc barely misses you.
Found an escape hatch in the floor.
The orc shouts! x2
You scratch the orc but do no damage.
The orc priest invokes the aid of Beogh against you.
Pain shoots through your body!
Ouch! That really hurt!
The orc hits you.
* * * LOW HITPOINT WARNING * * *
The orc priest calls down the wrath of Beogh upon you.
Beogh smites you!
Ouch! That really hurt!
You die...

#. ....##
###.# .....
#.... >.#.#
#..##s#.#
#..o....#
#..o)o..#
.###.#.###
#......o.#
#.......@#
##.##.##.# #.
#....# #
####.# ♣.#
♣♣♣♣♣#
♣♣...♣♣ #####
♣♣.._..♣###
### ....#
##♣......♣...
..#


You could see an orc priest, 2 orcs and a giant cockroach.

Vanquished Creatures
  2 orc priests (D:3)
  4 adders
  2 oozes (D:2)
  2 worms (D:2)
  2 dart slugs (D:2)
  5 leopard geckos
  4 orcs (D:3)
  2 ball pythons
  7 bats
  3 giant cockroaches
  5 goblins
  2 hobgoblins
  6 kobolds
  A quokka (D:3)
  3 frilled lizards
  4 rats
54 creatures vanquished.

Notes
Turn   | Place    | Note
-------+----------+-------------------------------------------
     0 | D:1      | equalderp2856 the Felid Ice Elementalist began the quest for the Orb.
     0 | D:1      | Reached XP level 1. HP: 7/7 MP: 4/4
   227 | D:1      | Reached skill level 3 in Stealth
   424 | D:1      | Reached XP level 2. HP: 11/11 MP: 6/6
  1312 | D:1      | Reached XP level 3. HP: 4/15 MP: 1/7
  1553 | D:2      | Reached skill level 4 in Stealth
  1784 | D:2      | Reached skill level 1 in Unarmed Combat
  2084 | D:2      | Found a snail-covered altar of Cheibriados.
  2141 | D:2      | Reached XP level 4. HP: 18/18 MP: 8/8
  2161 | D:2      | Found a snail-covered altar of Cheibriados.
  2161 | D:2      | Found a faded altar of an unknown god.
  2165 | D:2      | Noticed Terence
  2169 | D:2      | Found a faded altar of an unknown god.
  2299 | D:2      | Found a shadowy altar of Dithmenos.
  2300 | D:2      | Found a sacrificial altar of Ru.
  2490 | D:3      | Reached skill level 1 in Fighting
  2563 | D:3      | Noticed a black bear
  2771 | D:3      | Reached skill level 5 in Stealth
  2786 | D:3      | Reached XP level 5. HP: 6/22 MP: 0/9
  3120 | D:3      | Killed from afar by an orc priest
  3121 | D:3      | Reached XP level 4. HP: -7/19 MP: 8/8
  3129 | D:3      | Found a glowing silver altar of Zin.
  3129 | D:3      | Found a white marble altar of Elyvilon.
  3130 | D:3      | Found a glowing golden altar of the Shining One.
  3290 | D:3      | Killed from afar by an orc priest

Skill      XL: |  1  2  3  4 |
---------------+-------------+-----
Dodging        | 3 4 |  4.7
Stealth        | 3 4 5 |  5.4
Unarmed Combat | 1 |  1.9
Fighting       | 1 |  1.3
Spellcasting   | |  2.0
Conjurations   | |  0.8
Ice Magic      | |  2.6

Action                   |  1- 3 |  4- 6 || total
-------------------------+-------+-------++-------
Melee: Unarmed           |    33 |    10 ||    43
       Bite              |     3 |       ||     3
 Cast: Freeze            |    55 |    26 ||    81
  Use: Scroll            |     2 |     1 ||     3
       Potion            |       |     2 ||     2
 Stab: Sleeping          |     8 |     7 ||    15
  Eat: Chunk             |     4 |       ||     4
Armor: Skin              |    12 |       ||    12
Dodge: Dodged            |    70 |    18 ||    88
